 Dungeon Crawl Stone Soup version 0.22-a0-162-g33bf127 (webtiles) character file.

51 Amnesiac the Magician (level 3, -11/24 HPs)
             Began as a Mummy Earth Elementalist on Feb 12, 2018.
             Splashed by Ijyb's acid (18 damage)
             ... on level 3 of the Dungeon.
             The game lasted 00:02:09 (1420 turns).

Amnesiac the Magician (Mummy Earth Elementalist)    Turns: 1420, Time: 00:02:10

Health: -11/24     AC: -1    Str: 16    XL:     3   Next: 57%
Magic:  8/8        EV: 12    Int: 15    God:
Gold:   92         SH:  0    Dex: 12    Spells: 7/10 levels left

rFire    x . .     SeeInvis .   a - +2 spear (venom)
rCold    + . .     Gourm    .   (no shield)
rNeg     + + +     Faith    .   c - +0 robe
rPois    ∞         Spirit   .   (no helmet)
rElec    .         Reflect  .   (no cloak)
rCorr    .         Harm     .   (no gloves)
MR       .....                  k - +0 pair of boots
Stlth    ++........             (no amulet)
HPRegen  0.08/turn              n - +5 ring of strength
MPRegen  0.11/turn              (no ring)

@: corroded
A: no food or potions, fire vulnerability, cold resistance 1, negative energy
resistance 3, torment resistance, unbreathing
a: no special abilities


You were on level 3 of the Dungeon.
You were not hungry.

You visited 1 branch of the dungeon, and saw 3 of its levels.

You collected 92 gold pieces.

Inventory:

Hand Weapons
 a - a +2 spear of venom (weapon)
 f - a +0 dagger of venom
Missiles
 b - 181 stones (quivered)
 l - 2 curare-tipped needles
 m - 7 poisoned needles
Armour
 c - a +0 robe (worn)
 k - a +0 pair of boots (worn)
Jewellery
 n - a +5 ring of strength (left hand)
Scrolls
 e - 2 scrolls of identify {!r, unknown}
 g - a scroll of teleportation {!r, unknown}
 h - a scroll of enchant weapon {!r, unknown}
 i - 2 scrolls of remove curse {!r, unknown}
 j - a scroll of noise {!r, unknown}
Books
 d - a book of Geomancy

   Spells                             Type                      Level
   a - Sandblast                      Earth                        1
   b - Passwall                       Transmutation/Earth          2
   c - Stone Arrow                    Conjuration/Earth            3
   d - Petrify                        Transmutation/Earth          4
   e - Lee's Rapid Deconstruction     Earth                        5


   Skills:
 - Level 1.5 Dodging
 - Level 1.5 Stealth
 - Level 4.0 Spellcasting
 - Level 0.7 Transmutations
 + Level 3.1 Earth Magic


You had 7 spell levels left.
You knew the following spells:

 Your Spells              Type           Power        Failure   Level  Hunger
a - Sandblast             Erth           ##....       4%          1    N/A
b - Passwall              Tmut/Erth      #.........   12%         2    N/A

Dungeon Overview and Level Annotations

Branches:
Dungeon (3/15)

Altars:
Nemelex Xobeh

Annotations:
D:3 Ijyb


Innate Abilities, Weirdness & Mutations

You do not eat or drink.
Your flesh is vulnerable to fire.
You are immune to poison.
Your flesh is cold resistant. (rC+)
You are immune to negative energy. (rN+++)
You are immune to unholy pain and torment.
You can survive without breathing.


Message History

You kill the goblin!
There is a stone staircase leading up here.
Ijyb screams, "You nasty!
Big nasty!"
You climb upwards.
There is a stone staircase leading down here.
You see here a rat skeleton.
There is a stone staircase leading down here.
You climb downwards.
Level annotation: Ijyb
There is a stone staircase leading up here.
m - 7 poisoned needles No target in view!
An orc comes into view. It is wielding a mace.
The orc shouts!
An orc is nearby!
You hit the orc.
You kill the orc!
Things that are here:
a mace; an orc corpse
Found 15 gold pieces.
n - a wooden ring Put on which piece of jewellery? (? for menu, Esc to quit)
You feel stronger.
n - a +5 ring of strength (left hand) Attack whom?
Press: ? - help, Dir - move target cursor, f - goblin
Aim: a goblin You reach to attack!
You miss the goblin. The goblin barely misses you.
You closely miss the goblin. The goblin closely misses you.
You puncture the goblin!
You kill the goblin!
No target in view!
No target in view!
No target in view!
Things that are here:
a fizzy orange potion {!q}; a goblin corpse You now have 92 gold pieces (gained 15).
The goblin is too close now for your liking.
A goblin is nearby!
You see here a stone.
Attack whom?
Press: ? - help, Dir - move target cursor, f - goblin
Aim: a goblin You reach to attack!
You completely miss the goblin. You hit the goblin.
You kill the goblin!
No target in view!
No target in view!
b - 181 stones (gained 1) Ijyb is nearby!
Ijyb is nearby!
Ijyb shouts!
You hear a shout!
You see here a goblin corpse.
You barely miss Ijyb. Ijyb hits you.
A goblin comes into view.
You barely miss Ijyb. Ijyb closely misses you.
You hit Ijyb.
Ijyb is lightly wounded.
Ijyb zaps a wand.
The bolt of acid hits you!
Ouch! That really hurt!
* * * LOW HITPOINT WARNING * * *
The acid corrodes you!
You are splashed with acid!
The acid burns!
Ouch! That really hurt!
You die...

##.## #...# #...#
#...# # #...#.##.
######...#....
#.###.....?....g..
.................#
.##..<.@........
######g..#####
.#######>..#
...........#
......g....#
#8.....8#..#
#.....g.#.##
#8.....8#.#
#.......#.#


You could see Ijyb and a goblin.

Vanquished Creatures
  A dart slug (D:1)
  3 leopard geckos
  An orc (D:3)
  A ball python (D:2)
  2 giant cockroaches (D:1)
  9 goblins
  5 hobgoblins
  A quokka (D:2)
  6 bats
  4 frilled lizards
  A kobold (D:1)
  7 rats
41 creatures vanquished.

Notes
Turn   | Place    | Note
-------+----------+-------------------------------------------
     0 | D:1      | Amnesiac the Mummy Earth Elementalist began the quest for the Orb.
     0 | D:1      | Reached XP level 1. HP: 13/13 MP: 4/4
   181 | D:1      | Reached skill level 3 in Spellcasting
   194 | D:1      | Reached XP level 2. HP: 8/19 MP: 0/6
   820 | D:1      | Reached skill level 4 in Spellcasting
   824 | D:1      | Learned a level 2 spell: Passwall
   935 | D:2      | Found a sparkling altar of Nemelex Xobeh.
   945 | D:2      | Reached XP level 3. HP: 20/24 MP: 8/8
  1276 | D:3      | Noticed Ijyb
  1420 | D:3      | Splashed by Ijyb's acid

Vault maps used:
D:1:      dpeg_arrival_castle, minmay_bisected
D:2:      overflow_temple_1_default
D:3:      kennysheep_the_goblin_king, first_ration, uniq_ijyb, uniq_terence

Skill      XL: |  1  2  3 |
---------------+----------+-----
Spellcasting   | 3 4 |  4.0
Earth Magic    | 3 |  3.1
Dodging        | |  1.5
Stealth        | |  1.5
Transmutations | |  0.7

Action                   || total
-------------------------++-------
Melee: Spear             ||    99
 Cast: Sandblast         ||     3
 Stab: Sleeping          ||     8
       Distracted        ||     1
Armor: Robe              ||    11
Dodge: Dodged            ||    43

Table legend:
 A = Spawn XP
 B = Non-spawn XP
 C = Spawn XP percentage of total XP
 D = Spawn monster count
 E = Non-spawn monster count
 F = Spawn count percentage of total count
 G = Total turns spent on level
                    A         B        C        D         E        F      G
               +---------+---------+-------+---------+---------+-------+---------
         Total |       0 |      73 |   0.0 |       0 |      41 |   0.0 |  1420
               +---------+---------+-------+---------+---------+-------+---------
           D:1 |       0 |      37 |   0.0 |       0 |      21 |   0.0 |   873
           D:2 |       0 |      25 |   0.0 |       0 |      15 |   0.0 |   433
           D:3 |       0 |      11 |   0.0 |       0 |       5 |   0.0 |   114
               +---------+---------+-------+---------+---------+-------+---------
